 Dungeon Crawl Stone Soup version 0.30-a0-170-g85af917532 (webtiles) character file.

Game seed: 7570771851655316393

3698 IdlyInterested the Fighter (level 9, -1/77 HPs)
             Began as a Demonspawn Gladiator on Sept 30, 2022.
             Slain by a basilisk (5 damage)
             ... on level 9 of the Dungeon.
             The game lasted 00:22:45 (7881 turns).

IdlyInterested the Fighter (Demonspawn Gladiator)   Turns: 7881, Time: 00:22:45

Health: -1/77      AC: 14    Str: 16    XL:     9   Next: 91%
Magic:  9/9        EV: 13    Int:  8    God:
Gold:   549        SH:  0    Dex: 17    Spells: 8/8 levels left

rFire   . . .      SeeInvis +    b - +9 falchion of Responsibility {speed, rC+}
rCold   + . .      Faith    .    (no shield)
rNeg    . . .      Spirit   .    F - +1 ring mail "Guunoas" {+Blink Fly MP-9}
rPois   .          Reflect  .    c - +0 helmet
rElec   .          Harm     .    x - +0 cloak
rCorr   .          Rampage  .    h - +2 pair of gloves
Will    .....                    u - +0 pair of boots
Stlth   +.........               (no amulet)
HPRegen 0.22/turn                t - ring of magical power
MPRegen 0.11/turn                E - ring of flight

@: about to teleport, flying
A: spiny 2, sharp scales 2, demonic touch 1, see invisible, dopey 1
a: Evoke Blink


You were on level 9 of the Dungeon.
You visited 2 branches of the dungeon, and saw 10 of its levels.

You collected 549 gold pieces.

Inventory:

Hand Weapons
 a - a +2 hand axe of draining
 b - the +9 falchion of Responsibility (weapon) {speed, rC+}
   (You found it on level 8 of the Dungeon)

   Attacks with this weapon are significantly faster.
   rC:        It protects you from cold.
 o - a +0 scimitar
 v - a +4 dagger of distortion
 z - a +2 vampiric broad axe
 C - a +0 war axe
 G - a +2 flail of protection
 J - a +0 hand axe of venom
Missiles
 d - 3 throwing nets
 e - a javelin
 n - 7 boomerangs (quivered)
 p - 9 poisoned darts
Armour
 c - a +0 helmet (worn)
 h - a +2 pair of gloves (worn)
 u - a +0 pair of boots (worn)
 x - a +0 cloak (worn)
 F - the +1 ring mail "Guunoas" (worn) {+Blink Fly MP-9}
   (You found it on level 7 of the Dungeon)

   MP:        It affects your magic capacity (-9).
   Fly:       It grants you flight.
   +Blink:    It lets you blink.
 L - a +0 leather armour of fire resistance
 N - a +1 ring mail of cold resistance
Magical Staves
 P - a staff of cold
Jewellery
 t - a ring of magical power (left hand)
 E - a ring of flight (right hand)
Wands
 i - a wand of paralysis (4)
Scrolls
 k - 3 scrolls of teleportation
 l - 2 scrolls of immolation
 w - a scroll of amnesia
 A - 2 scrolls of poison
Potions
 f - 2 potions of cancellation
 g - 3 potions of attraction
 j - 2 potions of magic
 m - a potion of mutation
 q - a potion of heal wounds
 r - a potion of flight {unknown}
 s - a potion of lignification
 D - a potion of berserk rage {unknown}


   Skills:
 + Level 9.4 Fighting
 - Level 3.0 Long Blades
 - Level 2.0 Throwing
 - Level 2.0 Armour
 - Level 6.0 Dodging
 - Level 2.0 Stealth
 * Level 7.2 Unarmed Combat
 - Level 2.0 Evocations


You had 8 spell levels left.
You didn't know any spells.
Your spell library contained the following spells:

 Spells                   Type           Power      Damage    Failure   Level
 Sandblast                Erth           0%         2d4       63%         1
 Shock                    Conj/Air       0%         1d3       63%         1
 Slow                     Hex            0%         N/A       63%         1
 Cigotuvi's Dreadful Rot  Necr/Pois/Air  0%         N/A       77%         2
 Passwall                 Tmut/Erth      0%         N/A       77%         2
 Poisonous Vapours        Pois/Air       0%         N/A       77%         2
 Static Discharge         Conj/Air       0%         2-2/arc   77%         2
 Sublimation of Blood     Necr           0%         N/A       77%         2
 Wereblood                Tmut           0%         N/A       77%         2
 Confusing Touch          Hex            0%         N/A       94%         3
 Gell's Gravitas          Tloc           0%         N/A       94%         3
 Kindle Blastsparks       Fire/Tloc/Air  0%         2d10      94%         3
 Lesser Beckoning         Tloc           0%         N/A       94%         3
 Portal Projectile        Hex/Tloc       0%         N/A       94%         3
 Stone Arrow              Conj/Erth      0%         3d7       94%         3
 Swiftness                Air            0%         N/A       94%         3
 Teleport Other           Tloc           0%         N/A       94%         3
 Vampiric Draining        Necr           0%         2d6       94%         3
 Airstrike                Air            0%         2d(0-16)  100%        4
 Fulminant Prism          Conj/Hex       0%         3d6       100%        4
 Iskenderun's Mystic Bla  Conj/Tloc      0%         2d3       100%        4
 Passage of Golubria      Tloc           0%         N/A       100%        4
 Alistair's Intoxication  Tmut/Pois      0%         N/A       100%        5
 Arcjolt                  Conj/Air       0%         1d10      100%        5
 Lee's Rapid Deconstruct  Erth           0%         3d5*      100%        5
 Lightning Bolt           Conj/Air       0%         1d11      100%        5
 Dispersal                Tloc           0%         N/A       100%        6
 Summon Hydra             Summ           0%         N/A       100%        7
 Borgnjor's Revivificati  Necr           0%         N/A       100%        8
 Maxwell's Capacitive Co  Air            0%         ∞         100%        8
 Necromutation            Tmut/Necr      0%         N/A       100%        8
 Death's Door             Necr           0%         N/A       100%        9


Dungeon Overview and Level Annotations

Branches:
Dungeon (9/15)             Temple (1/1) D:5            Lair (0/5) D:9
    Orc: D:9-12

Altars:
Ashenzari
Dithmenos
Fedhas
Gozag
Hepliaklqana
Kikubaaqudgha
Makhleb
Nemelex Xobeh
Qazlal
Ru
Sif Muna
Trog
Vehumet
Wu Jian
Xom

Shops:
D:9 (

Annotations:
D:9 Joseph


Innate Abilities, Weirdness & Mutations

You are mostly covered in sharp spines.
You are mostly covered in razor-sharp scales. (AC +2, Slay +2)
Your touch may inflict minor irresistible damage on your foes.
You have supernaturally acute eyesight. (SInv)
You are dopey. (Int -2)


Message History

Joseph unwields a +2 sling of freezing.
Joseph wields a +2 quarterstaff of speed.
Joseph is struck by your spines.
Joseph hits you with a +2 quarterstaff of speed!
Joseph is struck by your spines.
Joseph hits you with a +2 quarterstaff of speed!
The basilisk is struck by your spines.
The basilisk bites you but does no damage.
The elephant trumpets!
Joseph hits you with a +2 quarterstaff of speed.
* * * LOW HITPOINT WARNING * * *
The basilisk gazes at you. You resist with some effort.
Joseph hits you with a +2 quarterstaff of speed!
* * * LOW HITPOINT WARNING * * *
Joseph is struck by your spines.
Joseph hits you with a +2 quarterstaff of speed.
* * * LOW HITPOINT WARNING * * *
The basilisk gazes at you. You resist with some effort.
Joseph is struck by your spines.
Joseph hits you with a +2 quarterstaff of speed!
* * * LOW HITPOINT WARNING * * *
The basilisk bites you but does no damage.
Joseph hits you with a +2 quarterstaff of speed.
* * * LOW HITPOINT WARNING * * *
Joseph hits you but does no damage. The basilisk gazes at you.
Joseph is struck by your spines.
Joseph hits you with a +2 quarterstaff of speed!
* * * LOW HITPOINT WARNING * * *
The elephant is struck by your spines. The elephant tramples you.
* * * LOW HITPOINT WARNING * * *
You are shoved backwards!
You turn to flesh and can move again.
As you read the scroll of teleportation, it crumbles to dust.
You feel strangely unstable. The elephant barely misses you.
The elephant trunk-slaps you but does no damage.
The basilisk is struck by your spines. The basilisk bites you.
You die...

###### #....
#### #...# ..#
#..@# #.# #.Yl#
####.#.#.)@#
#..<...#.....
#.##.###.......
# #.#
###.....>. ...
##...... #.##
...... ##.
#.....


You could see an elephant, Joseph and a basilisk.

Vanquished Creatures
  An unseen horror (D:8)
  Psyche (D:8)
  A vampire (D:6)
  2 wyverns (D:9)
  A basilisk (D:9)
  A steam dragon (D:8)
  An ice beast (D:6)
  3 orc warriors (D:8)
  A black bear (D:6)
  An ogre (D:3)
  2 sky beasts
  5 centaurs
  A phantom (D:4)
  A kobold brigand (D:9)
  A bullfrog (D:8)
  A necrophage (D:6)
  3 scorpions
  4 hounds
  2 jellies
  8 orc priests
  A gnoll bouda (D:7)
  4 iguanas
  4 orc wizards
  9 adders
  11 gnolls
  A shadow imp (D:7)
  A white imp (D:5)
  5 dart slugs
  9 worms
  22 orcs
  4 bats
  5 endoplasms
  3 giant cockroaches
  5 goblins
  3 hobgoblins
  8 kobolds
  A quokka (D:5)
  7 ball pythons
  2 frilled lizards
  A rat (D:3)
147 creatures vanquished.

Vanquished Creatures (others)
  An orc wizard (D:8)
1 creature vanquished.

Grand Total: 148 creatures vanquished

Notes
Turn   | Place    | Note
-------+----------+-------------------------------------------
     0 | D:1      | IdlyInterested the Demonspawn Gladiator began the quest for
                  | the Orb.
     0 | D:1      | Reached XP level 1. HP: 16/16 MP: 1/1
   410 | D:1      | Gained mutation: You are partially covered in sharp spines.
                  | [demonic ancestry]
   410 | D:1      | Reached XP level 2. HP: 22/22 MP: 2/2
   614 | D:1      | Found a faded altar of an unknown god.
  1562 | D:2      | Gained mutation: You are partially covered in razor-sharp
                  | scales. (AC +1, Slay +1) [demonic ancestry]
  1562 | D:2      | Reached XP level 3. HP: 23/28 MP: 3/3
  1810 | D:3      | Reached skill level 3 in Fighting
  1834 | D:3      | Reached skill level 1 in Evocations
  2017 | D:3      | Found a shadowy altar of Dithmenos.
  2318 | D:3      | Found an ancient bone altar of Kikubaaqudgha.
  2392 | D:3      | Gained mutation: Your touch may inflict minor irresistible
                  | damage on your foes. [demonic ancestry]
  2392 | D:3      | Reached XP level 4. HP: 35/35 MP: 4/4
  2394 | D:3      | Noticed an ogre
  2400 | D:3      | Killed an ogre
  2401 | D:3      | Reached skill level 4 in Fighting
  2401 | D:3      | Reached XP level 5. HP: 43/43 MP: 5/5
  2813 | D:4      | Gained mutation: You have supernaturally acute eyesight.
                  | (SInv) [potion of mutation]
  2813 | D:4      | Gained mutation: You are dopey. (Int -2) [potion of
                  | mutation]
  2904 | D:4      | Found an ornate altar of the Wu Jian Council.
  2950 | D:4      | Reached skill level 1 in Unarmed Combat
  3341 | D:4      | Noticed a phantom
  3351 | D:4      | Killed a phantom
  3352 | D:4      | Gained mutation: You are mostly covered in sharp spines.
                  | [demonic ancestry]
  3352 | D:4      | Reached XP level 6. HP: 50/50 MP: 6/6
  3461 | D:4      | Found a broken altar of Ashenzari.
  3603 | D:4      | Reached skill level 5 in Fighting
  4090 | D:5      | Entered Level 5 of the Dungeon
  4113 | D:5      | Found a staircase to the Ecumenical Temple.
  4131 | D:5      | Gained mutation: You are mostly covered in razor-sharp
                  | scales. (AC +2, Slay +2) [demonic ancestry]
  4131 | D:5      | Reached XP level 7. HP: 32/56 MP: 7/7
  4176 | Temple   | Entered the Ecumenical Temple
  4297 | D:5      | Reached skill level 6 in Fighting
  4479 | D:5      | Reached skill level 1 in Armour
  4720 | D:6      | Reached skill level 1 in Stealth
  4750 | D:6      | Noticed a vampire
  4757 | D:6      | Reached XP level 8. HP: 42/65 MP: 8/8
  4996 | D:6      | Reached skill level 7 in Fighting
  5542 | D:7      | Reached skill level 5 in Unarmed Combat
  5679 | D:7      | Found a shimmering altar of Xom.
  5766 | D:7      | Identified the +1 ring mail "Guunoas" {+Blink Fly MP-9}
  6167 | D:7      | Reached skill level 8 in Fighting
  6268 | D:7      | Found a blossoming altar of Fedhas.
  6710 | D:8      | Reached XP level 9. HP: 57/74 MP: 9/9
  6719 | D:8      | Got the Enchiridion on Putrescence and Orientation
  6729 | D:8      | Found a transporter.
  6736 | D:8      | Identified the +9 falchion of Responsibility {speed, rC+}
  6747 | D:8      | Found a transporter.
  6855 | D:8      | Noticed Psyche
  6861 | D:8      | Killed Psyche
  6862 | D:8      | Reached skill level 5 in Dodging
  7220 | D:8      | Found a hazy altar of Hepliaklqana.
  7290 | D:8      | Noticed an unseen horror
  7298 | D:8      | Killed an unseen horror
  7484 | D:8      | Found a stormy altar of Qazlal.
  7563 | D:8      | Reached skill level 9 in Fighting
  7824 | D:9      | Found Bem Kunyabb's Antique Weapon Boutique.
  7860 | D:9      | Found a staircase to the Lair.
  7862 | D:9      | Noticed Joseph
  7871 | D:9      | Noticed an elephant
  7881 | D:9      | Slain by a basilisk

Illustrated notes

Levels and vault maps discovered:
D:1:      minmay_arrival_semitransparent, layout_loops_ring,
          hellmonk_ecumenical_altar_run_dry
D:2:      layout_basic, kennysheep_generic_room_2
D:3:      layout_rooms, mainiacjoe_overflow_alcove_2,
          mainiacjoe_overflow_cross_hatched
D:4:      layout_basic, nicolae_wu_jian_wuxing_cycle,
          cheibrodos_ashenzari_chains
D:5:      layout_rooms, tso_oasis_becter, minmay_temple_entry_glass,
          nicolae_wormholes
D:6:      layout_basic, zin_academy
D:7:      layout_loops_ring, amcnicky_altar_gilded,
          fedhas_bush_and_centaur_altar, nicolae_elyvilon_peaceful_grove,
          minmay_misc_feat_tiny, chequers_serial_rivers_large_a
D:8:      gammafunk_beogh_shrine, layout_rooms, kennysheep_little_box,
          lemuel_round_altar, uniq_psyche
D:9:      layout_loops_cross, mainiacjoe_overflow_surrounded_room,
          nicolae_overflow_crystal_walls, nicolae_uskayaw_en_pointe,
          david_lair_generic, serial_shops, nicolae_stop_n_shop_2,
          kennysheep_just_a_vault, uniq_joseph, uniq_erolcha
Temple:   hellmonk_temple_two_chambers

Skill      XL: |  1  2  3  4  5  6  7  8  9 |
---------------+----------------------------+-----
Long Blades    | 3 |  3.0
Dodging        | 3 4 6 |  6.0
Throwing       | 2 |  2.0
Fighting       | 3 4 5 6 8 9 |  9.4
Evocations     | 1 2 |  2.0
Unarmed Combat | 2 3 4 6 7 |  7.2
Armour         | 2 |  2.0
Stealth        | 2 |  2.0

Action                   |  1- 3 |  4- 6 |  7- 9 || total
-------------------------+-------+-------+-------++-------
Melee: Long sword        |    53 |       |       ||    53
       Scimitar          |    26 |    60 |    22 ||   108
       Touch             |       |    10 |    31 ||    41
       Broad axe         |       |       |    74 ||    74
       Punch             |       |       |     4 ||     4
       Falchion          |       |       |    52 ||    52
Throw: Boomerang         |     4 |     4 |     4 ||    12
Evoke: Wand              |       |       |     1 ||     1
  Use: Scroll            |     9 |       |     5 ||    14
       Potion            |       |     1 |     6 ||     7
 Stab: Sleeping          |     1 |       |       ||     1
       Paralysed         |       |       |     2 ||     2
Armor: Leather armour    |    14 |       |       ||    14
       Ring mail         |    20 |    35 |    95 ||   150
Dodge: Dodged            |    49 |    59 |   117 ||   225

Table legend: (Time is in decaauts)
 A = Elapsed time spent in this place.
 B = Non-inter-level travel time spent in this place.
 C = Inter-level travel time spent in this place.
 D = Time resting spent in this place.
 E = Time spent auto-exploring this place.
 F = Levels seen in this place.
 G = Mean time per level.
                   A        B        C        D        E       F      G
               +--------+--------+--------+--------+--------+-----+--------+
         Total |   7959 |   7162 |    797 |   1198 |   4349 |  10 |  795.9 |
       Dungeon |   7929 |   7132 |    797 |   1198 |   4349 |   9 |  881.0 |
        Temple |     29 |     29 |      0 |      0 |      0 |   1 |   29.0 |
               +--------+--------+--------+--------+--------+-----+--------+

Top non-repeatable levels by time:
     D:4: 1307 daAuts
     D:2: 1268 daAuts
     D:7: 1246 daAuts
     D:8: 1116 daAuts
     D:3: 857 daAuts
     D:6: 785 daAuts
     D:1: 703 daAuts
     D:5: 595 daAuts
     D:9: 48 daAuts
  Temple: 29 daAuts
